 Dungeon Crawl Stone Soup version 0.25-a0-306-g3faca94807 (webtiles) character file.

Game seed: 13936081603059641999, levelgen mode: deterministic

72 Borion the Caller (level 4, 0/31 HPs)
             Began as a Merfolk Summoner on Dec 21, 2019.
             Slain by a gnoll
             ... wielding a +0 whip
              (2 damage)
             ... on level 3 of the Dungeon.
             The game lasted 00:24:47 (2605 turns).

Borion the Caller (Merfolk Summoner)                Turns: 2605, Time: 00:24:48

Health: 0/31       AC:  3    Str:  8    XL:     4   Next: 26%
Magic:  1/8        EV: 13    Int: 15    God:
Gold:   152        SH:  0    Dex: 14    Spells: 4/8 levels left

rFire    . . .     SeeInvis .   b - +0 spear
rCold    . . .     Gourm    .   (no shield)
rNeg     . . .     Faith    .   a - +0 robe
rPois    .         Spirit   .   (no helmet)
rElec    .         Reflect  .   e - +0 cloak
rCorr    .         Harm     .   (no gloves)
MR       .....                  (no boots)
Stlth    ++........             (no amulet)
HPRegen  0.10/turn              (no ring)
MPRegen  0.11/turn              (no ring)

@: no status effects
A: change form in water, swift swim, stealthy swim
a: no special abilities


You were on level 3 of the Dungeon.
You were not hungry.

You visited 1 branch of the dungeon, and saw 3 of its levels.

You collected 152 gold pieces.

Inventory:

Hand Weapons
 b - a +0 spear (weapon)
Armour
 a - a +0 robe (worn)
 e - a +0 cloak (worn)
Jewellery
 m - an uncursed ring of stealth {unknown}
Scrolls
 d - 3 scrolls of remove curse {unknown}
 h - 2 scrolls of identify {unknown}
 j - a scroll of fear {unknown}
 k - a scroll of enchant weapon {unknown}
Potions
 g - a potion of curing {unknown}
 i - a potion of might {unknown}
 l - a potion of lignification {unknown}
Comestibles
 c - 4 rations


   Skills:
 + Level 0.7 Fighting
 + Level 1.0 Polearms
 + Level 3.2 Dodging
 + Level 2.5 Stealth
 + Level 2.8 Spellcasting
 + Level 4.6 Summonings


You had 4 spell levels left.
You knew the following spells:

 Your Spells              Type           Power        Failure   Level  Hunger
a - Summon Small Mammal   Summ           ###.         3%          1    #......
b - Call Canine Familiar  Summ           ###.....     9%          3    ###....

Your spell library contained the following spells:

 Spells                   Type           Power        Failure   Level  Hunger
 Call Imp                 Summ           ###.....     4%          2    ##.....
 Summon Guardian Golem    Hex/Summ       #.......     24%         3    ###....
 Summon Ice Beast         Ice/Summ       #.......     61%         4    #####..
 Summon Lightning Spire   Summ/Air       #.......     61%         4    #####..


Dungeon Overview and Level Annotations

Branches:
Dungeon (3/15)

Altars:
Qazlal


Message History

The gnoll dies!
The gnoll closely misses you.
You hit the gnoll.
The gnoll is heavily wounded.
The bat barely misses you. The gnoll hits you with a +0 whip.
The gnoll hits your bat with a +0 spear.
You hit the gnoll but do no damage.
The gnoll is heavily wounded.
The bat closely misses you. The gnoll hits you with a +0 whip.
* * * LOW HITPOINT WARNING * * *
You barely miss the gnoll.
The gnoll is heavily wounded.
Your bat disappears in a puff of smoke!
The bat barely misses you.
Your hound closely misses the gnoll.
The gnoll barely misses you.
Your hound barely misses the gnoll.
The gnoll hits you from afar with a +0 spear.
* * * LOW HITPOINT WARNING * * *
The bat closely misses you.
Your hound barely misses the gnoll.
The gnoll hits you with a +0 whip.
You die...

#. #. #. #. #.
#.## #..# #.@##
$.##bg.##########
......h.g.##...<.#
#..##%#.#.##.....#
...
...#.#..).....# ..
###.#.####.....# .
..#.# #.....#
..#.# #.##### ..#
#.#


You could see 2 gnolls, a bat and a friendly hound.

Vanquished Creatures
  An ooze (D:1)
  A worm (D:2)
  A leopard gecko (D:1)
  A ball python (D:2)
  3 giant cockroaches
  4 goblins
  2 hobgoblins (D:2)
  4 jackals
  4 kobolds
  2 bats (D:1)
23 creatures vanquished.

Vanquished Creatures (collateral kills)
  A gnoll (D:3)
  An adder (D:2)
  A dart slug (D:2)
  A worm (D:2)
  A leopard gecko (D:1)
  A giant cockroach (D:2)
  6 goblins
  3 hobgoblins
  6 jackals
  A quokka (D:2)
  6 bats
  6 frilled lizards
  2 kobolds (D:2)
  6 rats
42 creatures vanquished.

Grand Total: 65 creatures vanquished

Notes
Turn   | Place    | Note
-------+----------+-------------------------------------------
     0 | D:1      | Borion the Merfolk Summoner began the quest for the Orb.
     0 | D:1      | Reached XP level 1. HP: 13/13 MP: 3/3
   192 | D:1      | Reached XP level 2. HP: 7/20 MP: 0/5
   847 | D:1      | Reached XP level 3. HP: 14/25 MP: 3/6
  1415 | D:1      | Learned a level 3 spell: Call Canine Familiar
  1776 | D:2      | Found a stormy altar of Qazlal.
  1777 | D:2      | Noticed a fire elemental
  1779 | D:2      | Noticed an earth elemental
  1779 | D:2      | Noticed a water elemental
  1779 | D:2      | Noticed an air elemental
  2054 | D:2      | Reached XP level 4. HP: 31/31 MP: 2/7
  2336 | D:2      | Reached skill level 1 in Polearms
  2605 | D:3      | Slain by a gnoll

Levels and vault maps discovered:
D:1:      lightli_arrival_noodles, layout_rooms, serial_bayou_pond_d
D:2:      layout_loops_ring, nicolae_qazlal_style_of_elements
D:3:      layout_rooms, first_ration, chequers_garden

Skill      XL: |  1  2  3  4 |
---------------+-------------+-----
Dodging        | 3 |  3.2
Polearms       | 1 |  1.0
Fighting       | |  0.7
Stealth        | |  2.5
Spellcasting   | |  2.8
Summonings     | |  4.6

Action                   |  1- 3 |  4- 6 || total
-------------------------+-------+-------++-------
Melee: Spear             |    99 |    21 ||   120
 Cast: Summon Small Mamm |    64 |    24 ||    88
       Call Canine Famil |     2 |     2 ||     4
 Stab: Sleeping          |     1 |       ||     1
  Eat: Chunk             |     5 |     1 ||     6
       Ration            |       |     1 ||     1
Armor: Robe              |    30 |     4 ||    34
Dodge: Dodged            |   119 |    23 ||   142

Table legend:
 A = Non-vault XP
 B = Vault XP
 C = Vault XP percentage of total XP
 D = Non-vault monster count
 E = Vault monster count
 F = Vault count percentage of total count
                 A         B        C        D         E       F
            +---------+---------+-------+---------+---------+-------
      Total |     104 |       0 |   0.0 |      65 |       0 |   0.0
            +---------+---------+-------+---------+---------+-------
        D:1 |      38 |       0 |   0.0 |      26 |       0 |   0.0
        D:2 |      58 |       0 |   0.0 |      37 |       0 |   0.0
        D:3 |       8 |       0 |   0.0 |       2 |       0 |   0.0
            +---------+---------+-------+---------+---------+-------
